 Dungeon Crawl Stone Soup version 0.18.1-1-g2f07953 (webtiles) character file.

152 Eucla the Chopper (level 5, -4/48 HPs)
             Began as a Minotaur Fighter on May 9, 2016.
             Was an Initiate of Okawaru.
             Slain by a flying skull (9 damage)
             ... created by the anger of Yredelemnul
             ... on level 4 of the Dungeon.
             The game lasted 00:03:20 (2608 turns).

Eucla the Chopper (Minotaur Fighter)                Turns: 2608, Time: 00:03:20

Health: -4/48      AC:  9    Str: 25    XL:     5   Next: 11%
Magic:  4/4        EV:  9    Int:  5    God:    Okawaru [......]
Gold:   186        SH:  0    Dex: 11    Spells: 0 memorised, 4 levels left

rFire  . . .     SeeInvis .     a - +0 war axe
rCold  . . .     Gourm    .     b - +0 scale mail
rNeg   . . .     Faith    .     (no shield)
rPois  .         Spirit   .     (helmet restricted)
rElec  .         Dismiss  .     k - +0 cloak
rCorr  .         Reflect  .     l - +0 pair of gloves
SustAt .         Harm     .     (no boots)
MR     .....                    h - amulet of inaccuracy (curse)
Stlth  ..........               (no ring)
                                i - ring of flight

@: mighty, drained, not resistant to hostile enchantments, extremely unstealthy
A: retaliatory headbutt, horns 2
a: Renounce Religion, Evoke Flight


You were on level 4 of the Dungeon.
You worshipped Okawaru.
Okawaru was noncommittal.
You were not hungry.

You visited 1 branch of the dungeon, and saw 4 of its levels.

You collected 186 gold pieces.

Inventory:

Hand Weapons
 a - a +0 war axe (weapon)
Armour
 b - a +0 scale mail (worn)
 k - a +0 cloak (worn)
 l - a +0 pair of gloves (worn)
Jewellery
 h - a cursed amulet of inaccuracy (around neck)
 i - a ring of flight (left hand)
Scrolls
 c - 2 scrolls of teleportation {unknown}
 g - a scroll of identify
 n - a scroll of blinking {unknown}
Potions
 d - a potion of might
 e - a potion of degeneration
 j - a potion of resistance
 q - a potion of brilliance {unknown}
Comestibles
 f - 2 bread rations
 p - a meat ration


   Skills:
 + Level 5.1(4.3) Fighting
 * Level 5.3(4.4) Axes
 - Level 3.6(2.8) Armour
   Level 3.6(2.8) Shields


You had 4 spell levels left.
You didn't know any spells.

Dungeon Overview and Level Annotations

Branches:
Dungeon (4/15)
 Temple: D:4-7

Altars:
Okawaru
Qazlal
Yredelemnul
The Shining One


Innate Abilities, Weirdness & Mutations

You reflexively headbutt those who attack you in melee.
You have a pair of horns on your head.


Message History

You headbutt the flying skull!
The wight hits you from afar with an enchanted spear.
You feel drained.
Unknown command.
Unknown command.
You completely miss the flying skull. Your headbutt misses the flying skull.
The flying skull is heavily damaged.
The flying skull hits you!
The wight hits you from afar with an enchanted spear!
* * * LOW HITPOINT WARNING * * *
The flying skull hits you.
* * * LOW HITPOINT WARNING * * *
Unknown command.
Drink which item? (? for menu, Esc to quit)
Okay, then.
Unknown command.
You miss the flying skull. Your headbutt misses the flying skull.
The flying skull is heavily damaged.
The flying skull barely misses you. The flying skull hits you!
You die...

#. #. ### #.. .. #..
.# # #..##.###..#
#.#..........#
##......#####.##
........zzz@...#
#........#######
######.....<........#
...†...>.###..####.##
######.#......####.#
###### ######......##
...... .........#
.#### #######.## .#
#.#


You could see 2 flying skulls and a wight.

Vanquished Creatures
  An orc wizard (D:3)
  An iguana (D:4)
  3 adders
  An ooze (D:4)
  4 worms (D:2)
  A dart slug (D:1)
  A giant gecko (D:3)
  3 orcs (D:3)
  3 giant cockroaches
  2 goblins
  8 hobgoblins
  3 jackals (D:4)
  5 kobolds
  5 bats
  6 giant newts
  6 rats
53 creatures vanquished.

Vanquished Creatures (others)
  A worker ant (D:4)
  An adder (D:4)
  A giant gecko (D:4)
  A giant cockroach (D:4)
  A jackal (D:4)
5 creatures vanquished.

Grand Total: 58 creatures vanquished

Notes
Turn   | Place    | Note
--------------------------------------------------------------
     0 | D:1      | Eucla the Minotaur Fighter began the quest for the Orb.
     0 | D:1      | Reached XP level 1. HP: 19/19 MP: 0/0
   222 | D:1      | Reached XP level 2. HP: 23/27 MP: 1/1
  1089 | D:2      | Reached XP level 3. HP: 13/34 MP: 2/2
  1482 | D:2      | Found a stormy altar of Qazlal.
  1565 | D:2      | Reached XP level 4. HP: 34/41 MP: 3/3
  1993 | D:3      | Reached skill level 5 in Fighting
  2137 | D:3      | Found a glowing golden altar of the Shining One.
  2224 | D:3      | Found a basalt altar of Yredelemnul.
  2342 | D:3      | Noticed an angel
  2354 | D:3      | Noticed a profane servitor
  2359 | D:3      | Became a worshipper of Yredelemnul the Dark
  2417 | D:4      | Found an iron altar of Okawaru.
  2439 | D:4      | Reached skill level 5 in Axes
  2456 | D:4      | Reached XP level 5. HP: 28/48 MP: 4/4
  2506 | D:4      | Fell from the grace of Yredelemnul
  2506 | D:4      | Became a worshipper of Warmaster Okawaru
  2595 | D:4      | Noticed a flying skull
  2595 | D:4      | Noticed a flying skull
  2608 | D:4      | Slain by a flying skull

Skill      XL: |  1  2  3  4 |
---------------+-------------+-----
Axes           | 3 4 5 |  5.3
Fighting       | 4 5 |  5.1
Armour         | |  3.6
Shields        | |  3.6

Action                   |  1- 3 |  4- 6 || total
-------------------------+-------+-------++-------
Melee: War axe           |   142 |    51 ||   193
       Headbutt          |    18 |     8 ||    26
  Use: Scroll            |     3 |       ||     3
       Potion            |       |     2 ||     2
  Eat: Fruit             |     4 |     3 ||     7
Armor: Scale mail        |    70 |    36 ||   106
Dodge: Dodged            |    46 |    37 ||    83
Block: Shield            |    49 |       ||    49
